 Dungeon Sprint DCSS version 0.32-a0-841-g4648e6c457 (webtiles) character file.

Game seed: 3243947485917470857

1586 BigDaddyOpFi the Coglin Cataclysm (level 8, -5/71 HPs)
             Began as a Coglin Monk on Mar 26, 2024.
             Was a High Priest of Qazlal.
             Slain by a shadow (26 damage)
             ... in the Dungeon (Sprint VII: "The Pits").
             The game lasted 00:04:01 (742 turns).

BigDaddyOpFi the Coglin Cataclysm (Coglin Monk)      Turns: 742, Time: 00:04:01

Health: -5/71      AC: 17    Str: 15    XL:     8   Next: 92%
Magic:  2/15       EV:  5    Int:  9    God:    Qazlal [*****.]
Gold:   0          SH:  7    Dex: 16    Spells: 7/7 levels left

rFire   . . .        p - +1 hand axe (heavy) {Kiko}
rCold   . . .        w - +1 broad axe (heavy) {Ari}
rNeg    . . .        u - +3 plate armour
rPois   .            (no helmet)
rElec   .            v - +0 cloak
rCorr   .            (no gloves)
SInv    .            (no boots)
Will    .....        (amulet unavailable) Stlth
                     (ring unavailable)
HPRegen 0.31/turn    (ring unavailable)
MPRegen 0.14/turn    (no gizmo)

%: no teleportation, repel missiles
@: protected from physical damage, slowed, very slow
A: off-hand wielding, slow wielding, warmup strikes, no jewellery
a: Invent Gizmo, Renounce Religion, Upheaval, Elemental Force, Disaster Area


You were in the Dungeon.
You worshipped Qazlal.
Qazlal was extremely pleased with you.
You visited 1 branch

Inventory:

Hand Weapons
 p - a +1 heavy hand axe (weapon) {Kiko}
 w - a +1 heavy broad axe (offhand) {Ari}
Armour
 u - a +3 plate armour (worn)
 v - a +0 cloak (worn)
Scrolls
 j - a scroll of blinking
 m - 2 scrolls of vulnerability
 n - 5 scrolls of amnesia
 o - a scroll of summoning
Potions
 c - a potion of ambrosia
 e - 5 potions of curing
 f - 8 potions of heal wounds
 g - 2 potions of haste
 h - 4 potions of magic
 i - 2 potions of brilliance
 l - 2 potions of invisibility
 s - 2 potions of might
 t - a potion of berserk rage


   Skills:
 + Level 9.4 Fighting
 + Level 9.4 Axes
 + Level 8.6 Dodging
 * Level 10.1 Invocations


You had 7 spell levels left.
You didn't know any spells.
Your spell library was empty.

Dungeon Overview and Level Annotations

Branches:
Dungeon (1/1)

Altars:
Ashenzari
Cheibriados
Dithmenos
Elyvilon
Fedhas
Gozag
Hepliaklqana
Kikubaaqudgha
Makhleb
Nemelex Xobeh
Okawaru
Qazlal
Ru
Sif Muna
Trog
Uskayaw
Vehumet
Wu Jian
Xom
Yredelemnul
Zin
The Shining One
Beogh
Jiyva
Lugonu

Annotations:
D Sonja


Innate Abilities, Weirdness & Mutations

You can wield a second weapon in your off-hand.
It takes a long time for you to wield or remove held weapons.
Your first few attacks do less damage.
You cannot equip rings or amulets.


Message History

Sonja blinks!
Unknown command.
Okay, then.
Activating: Disaster Area (6% risk of failure)
Press: ? - help, Dir - look around, f - activate Nature churns violently around you!
The blast of rubble hits something.
The blast of rubble hits Sonja!
Sonja is moderately wounded.
Activating: Elemental Force (1% risk of failure)
Press: ? - help, Dir - look around, f - activate Clouds arounds you coalesce and take form!
Sonja shouts, "Hah!
Missed me again!"
Sonja casts a spell.
Sonja blinks!
Sonja mumbles some strange words.
Sonja blinks!
The shadow strikes at you from the darkness!
Reactivating autopickup.
Warning Sonja throws a curare-tipped dart.
The curare-tipped dart hits your earth elemental.
The shadow slips into darkness.
The shadow flickers and vanishes!
Deactivating autopickup; reactivate with Ctrl-A.
Unknown command.
What are your orders? t - Shout!
Orders for allies: a - Attack new target. r - Retreat! s - Stop attacking. g - Guard the area. f - Follow me.
Anything else - Cancel.
Gang up on whom?
Press: ? - help, Dir - move target, f - Sonja
Aim: Sonja, wielding a +1 dagger of distortion and quivering curare-tipped darts (moderately wounded, ally target) Attack!
Sonja bows elegantly.
Your water elemental hits Sonja!!
Your water elemental engulfs Sonja in water!
The shadow strikes at you from the darkness!
You die...

###'#####'#####''######
....##.......##†'#####
....##.......##......#
#)####.......##....###
....##...<...##...##
....##.......##..##
....##.......##.☼#
######.......##.°# .#..
##########§@+
.#.############{○#
.#)#....#..[[##EE#
.#'#....#...[##.K#
.#.'....'==))##...
.#'#....#..))##....
.'.#....#..).##....
####################


You could see Sonja (distracted, asphyxiating, ally target), a friendly earth
elemental (summoned) and a friendly water elemental (summoned).

Vanquished Creatures
  A bog body (D)
  A glass eye (D)
  A wraith (D)
  A warg (D)
  Edmund (D)
  An acid dragon (D)
  A centaur (D)
  A wolf (D)
  A gnoll sergeant (D)
  A scorpion (D)
  Crazy Yiuf (D)
  An iron imp (D)
  5 gnolls (D)
  An adder (D)
  A white imp (D)
  An adder skeleton (D)
  A dart slug (D)
  An orc (D)
  An endoplasm (D)
  A hobgoblin (D)
  2 quokkas (D)
  A frilled lizard (D)
  A jackal zombie (D)
  A kobold (D)
  A quokka zombie (D)
30 creatures vanquished.

Notes
Turn   | Place    | Note
-------+----------+-------------------------------------------
     0 | D        | BigDaddyOpFi the Coglin Monk began the quest for the Orb.
     0 | D        | Reached XP level 1. HP: 18/18 MP: 1/1
    14 | D        | Reached XP level 2. HP: 17/25 MP: 2/2
    60 | D        | Found a bloodstained altar of Trog.
    60 | D        | Found a shimmering blue altar of Sif Muna.
    60 | D        | Found a viscous altar of Jiyva.
    60 | D        | Found a hazy altar of Hepliaklqana.
    60 | D        | Found an opulent altar of Gozag.
    61 | D        | Found a glowing golden altar of the Shining One.
    61 | D        | Found a glowing silver altar of Zin.
    61 | D        | Found a basalt altar of Yredelemnul.
    61 | D        | Found a shimmering altar of Xom.
    61 | D        | Found an ornate altar of the Wu Jian Council.
    61 | D        | Found a sacrificial altar of Ru.
    61 | D        | Found a stormy altar of Qazlal.
    61 | D        | Found an iron altar of Okawaru.
    61 | D        | Found a sparkling altar of Nemelex Xobeh.
    61 | D        | Found a burning altar of Makhleb.
    61 | D        | Found a blossoming altar of Fedhas.
    61 | D        | Found a white marble altar of Elyvilon.
    61 | D        | Found a shadowy altar of Dithmenos.
    61 | D        | Found a snail-covered altar of Cheibriados.
    64 | D        | Found a corrupted altar of Lugonu.
    64 | D        | Found a radiant altar of Vehumet.
    64 | D        | Found a roughly hewn altar of Beogh.
    65 | D        | Found an ancient bone altar of Kikubaaqudgha.
    65 | D        | Found a hide-covered altar of Uskayaw.
    65 | D        | Found a broken altar of Ashenzari.
    68 | D        | Became a worshipper of Qazlal Stormbringer
    68 | D        | Reached * piety under Qazlal
    68 | D        | Reached ** piety under Qazlal
   159 | D        | Noticed a scorpion
   163 | D        | Killed a scorpion
   164 | D        | Reached skill level 3 in Invocations
   164 | D        | Reached XP level 3. HP: 32/32 MP: 2/5
   164 | D        | Reached XP level 4. HP: 38/38 MP: 2/6
   209 | D        | Noticed a glass eye
   216 | D        | Reached *** piety under Qazlal
   217 | D        | Reached skill level 5 in Fighting
   226 | D        | Killed a glass eye
   227 | D        | Reached skill level 5 in Dodging
   227 | D        | Reached skill level 6 in Invocations
   227 | D        | Reached XP level 5. HP: 32/47 MP: 6/9
   227 | D        | Reached XP level 6. HP: 36/53 MP: 6/10
   325 | D        | Noticed Crazy Yiuf
   329 | D        | Reached **** piety under Qazlal
   335 | D        | Reached skill level 7 in Invocations
   336 | D        | Reached ***** piety under Qazlal
   339 | D        | Reached XP level 7. HP: 26/60 MP: 10/12
   340 | D        | Killed Crazy Yiuf
   461 | D        | Noticed a wraith
   467 | D        | Killed a wraith
   468 | D        | Reached skill level 8 in Invocations
   575 | D        | Noticed Edmund
   575 | D        | Noticed a warg
   581 | D        | Killed a warg
   585 | D        | Reached XP level 8. HP: 69/69 MP: 14/14
   590 | D        | Reached ****** piety under Qazlal
   590 | D        | Killed Edmund
   591 | D        | Reached skill level 9 in Invocations
   721 | D        | Noticed a bog body
   727 | D        | Killed a bog body
   728 | D        | Reached skill level 10 in Invocations
   732 | D        | Noticed Sonja
   737 | D        | Noticed a shadow
   742 | D        | Slain by a shadow

Illustrated notes

Levels and vault maps discovered:
D:        pitsprint [storerooms_1, entrance_room_1, metal_vault_6, armoury_1,
          mini_pit_1, grid_room_1, main_hall_1, silver_pit, the_coven_3,
          the_vestibule_1, steel_vault_3, golden_pit, hallway_of_sentries,
          crystal_vault_5, iron_vault_4, final_vault]

Skill      XL: |  1  2  3  4  5  6  7  8 |
---------------+-------------------------+-----
Dodging        | 3 4 5 6 7 8 |  8.6
Fighting       | 4 6 7 8 9 |  9.4
Axes           | 4 6 7 8 9 |  9.4
Invocations    | 3 6 7 8 10 | 10.1

Action                     |  1- 3 |  4- 6 |  7- 9 || total
---------------------------+-------+-------+-------++-------
  Melee: Hand axe          |    25 |    49 |    45 ||   119
         Broad axe         |       |       |     3 ||     3
 Invoke: Elemental Force   |       |       |     1 ||     1
         Disaster Area     |       |       |     1 ||     1
    Use: Potion            |     2 |     1 |     3 ||     6
 Armour: Robe              |     8 |    14 |       ||    22
         Ring mail         |       |       |    10 ||    10
         Plate armour      |       |       |    11 ||    11
  Dodge: Dodged            |     9 |     9 |    15 ||    33
         Repelled          |       |     1 |     2 ||     3
  Block: Other             |       |     3 |    11 ||    14

Table legend: (Time is in decaauts)
 A = Elapsed time spent in this place.
 B = Non-inter-level travel time spent in this place.
 C = Inter-level travel time spent in this place.
 D = Time resting spent in this place.
 E = Time spent auto-exploring this place.
 F = Levels seen in this place.
 G = Mean time per level.
                   A        B        C        D        E       F      G
               +--------+--------+--------+--------+--------+-----+--------+
         Total |    782 |    652 |    130 |    272 |      0 |   1 |  782.0 |
       Dungeon |    782 |    652 |    130 |    272 |      0 |   1 |  782.0 |
               +--------+--------+--------+--------+--------+-----+--------+

Top non-repeatable levels by time:
       D: 782 daAuts
